[ AOE2 MATCH · #476735257 ]
Team RMKoreans vs Britons
[ REPLAY ANALYSIS · EXTRACTED FROM THE RECORDED GAME ]
Feudal
—
Castle
—
Imperial
—
| APM avg | 42.6 |
| APM peak | 60 |
| eAPM avg | 7.8 |
| Villagers / military | 7 / 0 |
Focus
⚔️ 21.4% · 🌾 78.6%
Fishing Ship ×2
Feudal
—
Castle
—
Imperial
—
| APM avg | 55.7 |
| APM peak | 69 |
| eAPM avg | 15.2 |
| Villagers / military | 6 / 0 |
Focus
⚔️ 21.7% · 🌾 78.3%
Fishing Ship ×2
Feudal
—
Castle
—
Imperial
—
| APM avg | 33.9 |
| APM peak | 44 |
| eAPM avg | 5.1 |
| Villagers / military | 9 / 0 |
Focus
⚔️ 18.8% · 🌾 81.2%
Fishing Ship ×1
Feudal
—
Castle
—
Imperial
—
| APM avg | 24.7 |
| APM peak | 39 |
| eAPM avg | 8.6 |
| Villagers / military | 6 / 0 |
Focus
⚔️ 38.7% · 🌾 61.3%
Fishing Ship ×1
Feudal
—
Castle
—
Imperial
—
| APM avg | 50.0 |
| APM peak | 69 |
| eAPM avg | 3.2 |
| Villagers / military | 0 / 0 |
Focus
⚔️ 14.3% · 🌾 85.7%
Feudal
—
Castle
—
Imperial
—
| APM avg | 31.2 |
| APM peak | 50 |
| eAPM avg | 7.6 |
| Villagers / military | 5 / 0 |
Focus
⚔️ 20.0% · 🌾 80.0%
Feudal
—
Castle
—
Imperial
—
| APM avg | 26.8 |
| APM peak | 33 |
| eAPM avg | 7.2 |
| Villagers / military | 5 / 0 |
Focus
⚔️ 20.0% · 🌾 80.0%
Feudal
—
Castle
—
Imperial
—
| APM avg | 14.5 |
| APM peak | 29 |
| eAPM avg | 6.1 |
| Villagers / military | 0 / 0 |
Focus
⚔️ 60.0% · 🌾 40.0%
Match map
Initial resources + every placement click. Lines = walls · curves = elevation contours. ◆ gold · ⬟ stone · ● berries · ✦ relic · ◌ wall gap
Your base
动车的车头's base
willrhyd's base
Ta.ToM's base
Hunter's base
cezinem's base
wepus's base
New Villager's base
Smoothed initial terrain · ◌ = detected wall gap · hover for details
Inputs per minute
— Sennin - - 动车的车头
Build order — Sennin
12 actions detected in the replay
| 0:09 | Build | House |
| 0:37 | Build | Town Center |
| 1:34 | Build | Dock |
| 2:47 | Create | Villager (Male) |
| 2:48 | Create | Villager (Male) |
| 2:48 | Create | Villager (Male) |
| 2:48 | Create | Villager (Male) |
| 2:49 | Create | Villager (Male) |
| 3:48 | Create | Fishing Ship |
| 3:49 | Create | Fishing Ship |
| 4:15 | Create | Villager (Male) |
| 4:15 | Create | Villager (Male) |
Build order — 动车的车头
11 actions detected in the replay
| 0:18 | Build | Town Center |
| 0:31 | Build | Dock |
| 2:17 | Build | House |
| 2:41 | Create | Villager (Male) |
| 2:41 | Create | Villager (Male) |
| 2:43 | Create | Villager (Male) |
| 2:59 | Create | Villager (Male) |
| 2:59 | Create | Villager (Male) |
| 3:46 | Create | Villager (Male) |
| 3:57 | Create | Fishing Ship |
| 3:58 | Create | Fishing Ship |
Build order — willrhyd
7 actions detected in the replay
| 0:21 | Build | Town Center |
| 0:53 | Build | Dock |
| 2:24 | Build | House |
| 2:41 | Create | Villager (Male) ×4 |
| 2:41 | Create | Villager (Male) ×4 |
| 3:47 | Create | Villager (Male) |
| 4:02 | Create | Fishing Ship |
Build order — Ta.ToM
10 actions detected in the replay
| 0:13 | Build | Town Center |
| 0:46 | Build | Dock |
| 2:34 | Create | Villager (Male) |
| 2:34 | Create | Villager (Male) |
| 2:34 | Create | Villager (Male) |
| 2:35 | Create | Villager (Male) |
| 3:10 | Create | Fishing Ship |
| 3:18 | Create | Villager (Male) |
| 4:02 | Build | House |
| 4:41 | Create | Villager (Male) |
Build order — Hunter
3 actions detected in the replay
| 2:13 | Build | Town Center |
| 4:34 | Build | Dock |
| 4:37 | Build | House |
Build order — cezinem
12 actions detected in the replay
| 0:11 | Build | Town Center |
| 0:14 | Build | House |
| 0:51 | Build | House |
| 2:30 | Create | Villager (Male) |
| 2:31 | Create | Villager (Male) |
| 2:31 | Create | Villager (Male) |
| 2:31 | Create | Villager (Male) |
| 2:31 | Create | Villager (Male) |
| 2:46 | Build | Palisade Wall |
| 2:50 | Build | House |
| 2:54 | Build | Palisade Wall |
| 4:07 | Build | Dock |
Build order — wepus
9 actions detected in the replay
| 0:23 | Build | Town Center |
| 0:32 | Build | Dock |
| 2:34 | Build | House |
| 3:21 | Create | Villager (Male) |
| 3:23 | Research | Loom |
| 3:23 | Create | Villager (Male) |
| 3:23 | Create | Villager (Male) |
| 3:24 | Create | Villager (Male) |
| 3:24 | Create | Villager (Male) |
Build order — New Villager
5 actions detected in the replay
| 0:14 | Build | Town Center |
| 1:17 | Build | Dock |
| 1:31 | Build | House |
| 1:35 | Build | Palisade Wall |
| 1:39 | Build | Palisade Wall |
Match timeline
| 0:31 | 动车的车头 · first_building Dock |
| 0:32 | wepus · first_building Dock |
| 0:46 | Ta.ToM · first_building Dock |
| 0:53 | willrhyd · first_building Dock |
| 1:17 | New Villager · first_building Dock |
| 1:34 | Sennin · first_building Dock |
| 1:35 | New Villager · wall_segment Palisade Wall x1 |
| 1:39 | New Villager · wall_segment Palisade Wall x1 |
| 2:46 | cezinem · wall_segment Palisade Wall x1 |
| 2:54 | cezinem · wall_segment Palisade Wall x1 |
| 4:07 | cezinem · first_building Dock |
| 4:13 | New Villager · resign |
| 4:34 | Hunter · first_building Dock |
[ AI ANALYSIS · 1 CREDIT ]
What really happened in this match?
Wolo.gg analyzes every decision: build order, eco, micro, common mistakes by bracket. Personalized analysis on WhatsApp or Discord in 30 seconds.
Civ guide
Koreans
Map guide
Nomad
Perfil
Jugador #11204665